 Dungeon Crawl Stone Soup version 0.22-a0-91-g23542c2 (webtiles) character file.

306 GrunderHorse the Ducker (level 6, -5/47 HPs)
             Began as a Merfolk Berserker on Jan 22, 2018.
             Was a Priest of Trog.
             Killed from afar by koshka's ghost (17 damage)
             ... with a flame tongue
             ... on level 3 of the Dungeon.
             The game lasted 00:07:58 (2794 turns).

GrunderHorse the Ducker (Merfolk Berserker)         Turns: 2794, Time: 00:07:59

Health: -5/47      AC:  4    Str: 23    XL:     6   Next: 39%
Magic:  6/6        EV: 18    Int:  6    God:    Trog [***...]
Gold:   220        SH:  0    Dex: 16    Spells: 5/5 levels left

rFire    . . .     SeeInvis .   a - +0 falchion
rCold    . . .     Gourm    .   (no shield)
rNeg     . . .     Faith    .   p - +2 robe {MR+}
rPois    .         Spirit   .   (no helmet)
rElec    .         Reflect  .   (no cloak)
rCorr    .         Harm     .   (no gloves)
MR       +....                  (no boots)
Stlth    ++........             (no amulet)
HPRegen  0.15/turn              e - +6 ring of strength
MPRegen  0.10/turn              (no ring)

@: berserk cooldown, slowed, very slow
A: change form in water, swift swim, stealthy swim
a: Berserk, Trog's Hand, Burn Spellbooks, Renounce Religion


You were on level 3 of the Dungeon.
You worshipped Trog.
Trog was most pleased with you.
You were not hungry.

You visited 1 branch of the dungeon, and saw 3 of its levels.

You collected 220 gold pieces.

Inventory:

Hand Weapons
 a - a +0 falchion (weapon)
 m - a +0 hunting sling
 o - a +0 scythe
Armour
 h - a +3 ring mail
 j - a +1 leather armour of poison resistance
 p - a +2 robe of magic resistance (worn)
Jewellery
 e - a +6 ring of strength (left hand)
Scrolls
 b - a scroll of blinking {unknown}
 d - a scroll of fear {unknown}
 l - a scroll of remove curse {unknown}
 q - a scroll of enchant weapon {unknown}
Potions
 f - a potion of heal wounds {unknown}
 g - a potion of haste {unknown}
 i - a potion of cancellation {unknown}
 k - a potion of degeneration {unknown}
 n - a potion of brilliance {unknown}
 r - a potion of curing {unknown}
 s - a potion of magic {unknown}
Comestibles
 c - 6 rations


   Skills:
 + Level 3.3 Fighting
 + Level 3.7 Long Blades
 - Level 1.4 Armour
 * Level 7.9 Dodging
 + Level 1.8 Stealth


You had 5 spell levels left.
You didn't know any spells.

Dungeon Overview and Level Annotations

Branches:
Dungeon (3/15)

Altars:

Annotations:
D:3 koshka's ghost, amateur DrFE


Message History

You are no longer berserk.
You are exhausted.
You feel yourself slow down. Koshka's ghost casts a spell at you.
The puff of flame hits you!
You hit koshka's ghost.
Koshka's ghost is severely damaged.
Koshka's ghost hits you but does no damage.
You closely miss koshka's ghost.
Koshka's ghost is severely damaged.
Koshka's ghost lets out a mournful wail.
Koshka's ghost barely misses you. Koshka's ghost hits you.
You hit koshka's ghost.
Koshka's ghost is almost destroyed.
Koshka's ghost casts a spell at you. The puff of flame hits you!
* * * LOW HITPOINT WARNING * * *
Koshka's ghost casts a spell at you. The flame tongue hits you!
You die...

###### ..!.#
###..####
###.......#
+.#......!#
#...÷.[.÷.#####.##
###..).....)......
#.<@W...########
#.......#
#.......#
.......####
########


You could see koshka's ghost.

Vanquished Creatures
  Sigmund (D:2)
  Terence (D:2)
  3 gnolls (D:3)
  An adder (D:2)
  A worm (D:2)
  2 dart slugs (D:1)
  5 leopard geckos
  3 giant cockroaches (D:2)
  10 goblins
  6 hobgoblins
  5 jackals
  2 quokkas (D:2)
  7 bats
  4 frilled lizards
  5 kobolds
  19 rats
  2 fungi (D:1)
77 creatures vanquished.

Notes
Turn   | Place    | Note
-------+----------+-------------------------------------------
     0 | D:1      | GrunderHorse the Merfolk Berserker began the quest for the Orb.
     0 | D:1      | Reached XP level 1. HP: 18/18 MP: 1/1
    24 | D:1      | Reached skill level 3 in Dodging
    45 | D:1      | Reached XP level 2. HP: 23/24 MP: 2/2
   169 | D:1      | Reached ** piety under Trog
   486 | D:1      | Reached skill level 4 in Dodging
   527 | D:1      | Reached XP level 3. HP: 7/29 MP: 3/3
  1296 | D:2      | Reached skill level 5 in Dodging
  1467 | D:2      | Noticed Sigmund
  1498 | D:2      | Killed Sigmund
  1498 | D:2      | Reached skill level 7 in Dodging
  1498 | D:2      | Reached skill level 1 in Stealth
  1498 | D:2      | Reached XP level 4. HP: 23/35 MP: 4/4
  1498 | D:2      | Reached XP level 5. HP: 27/41 MP: 5/5
  1815 | D:2      | Reached XP level 6. HP: 42/47 MP: 6/6
  2170 | D:2      | Noticed Terence
  2179 | D:2      | Killed Terence
  2179 | D:2      | Reached *** piety under Trog
  2572 | D:3      | Noticed koshka's ghost (amateur DrFE)
  2794 | D:3      | Killed from afar by koshka's ghost

Vault maps used:
D:1:      erik_arrival_orb_chamber, minmay_gold_behind_fungi
D:2:      st_stairs_1, uniq_sigmund, uniq_terence
D:3:      dk_noncrumbling_3, kennysheep_generic_room_5

Skill      XL: |  1  2  3 |
---------------+----------+-----
Dodging        | 3 4 7 |  7.9
Stealth        | 1 |  1.8
Fighting       | |  3.3
Long Blades    | |  3.7
Armour         | |  1.4

Action                   |  1- 3 |  4- 6 || total
-------------------------+-------+-------++-------
Melee: Falchion          |   127 |    99 ||   226
Invok: Berserk           |     2 |     2 ||     4
       Trog's Hand       |     1 |       ||     1
  Eat: Ration            |     1 |     1 ||     2
       Chunk             |       |     4 ||     4
Armor: Animal skin       |    18 |       ||    18
       Robe              |       |    13 ||    13
Dodge: Dodged            |   107 |   110 ||   217
       Rpst.: Falchion   |    34 |    36 ||    70

Table legend:
 A = Spawn XP
 B = Non-spawn XP
 C = Spawn XP percentage of total XP
 D = Spawn monster count
 E = Non-spawn monster count
 F = Spawn count percentage of total count
 G = Total turns spent on level
                    A         B        C        D         E        F      G
               +---------+---------+-------+---------+---------+-------+---------
         Total |       0 |     438 |   0.0 |       0 |      75 |   0.0 |  2794
               +---------+---------+-------+---------+---------+-------+---------
           D:1 |       0 |      60 |   0.0 |       0 |      38 |   0.0 |  1260
           D:2 |       0 |     324 |   0.0 |       0 |      28 |   0.0 |  1473
           D:3 |       0 |      54 |   0.0 |       0 |       9 |   0.0 |    61
               +---------+---------+-------+---------+---------+-------+---------
